 Dungeon Crawl Stone Soup version 0.22-a0-259-gdd11e71 (webtiles) character file.

3380 RoseArtemis the Basher (level 9, -2/82 HPs)
             Began as a Minotaur Fighter on Mar 5, 2018.
             Was a Believer of Okawaru.
             Slain by a wolf (7 damage)
             ... led by Grum
             ... on level 8 of the Dungeon.
             The game lasted 00:17:15 (7652 turns).

RoseArtemis the Basher (Minotaur Fighter)           Turns: 7652, Time: 00:17:16

Health: -2/82      AC:  7    Str: 24    XL:     9   Next: 74%
Magic:  8/8        EV:  9    Int:  7    God:    Okawaru [**....]
Gold:   273        SH: 13    Dex: 10    Spells: 8/8 levels left

rFire    + . .     SeeInvis .   a - +0 flail
rCold    . . .     Gourm    .   h - +2 shield
rNeg     . . .     Faith    .   s - +0 ring mail {rF+}
rPois    .         Spirit   .   (helmet restricted)
rElec    .         Reflect  .   (no cloak)
rCorr    .         Harm     .   (no gloves)
MR       .....                  r - +0 pair of boots
Stlth    ..........             (no amulet)
HPRegen  0.23/turn              d - +2 ring of intelligence
MPRegen  0.11/turn              (no ring)

@: flying
A: retaliatory headbutt, horns 2
a: Heroism, Renounce Religion


You were on level 8 of the Dungeon.
You worshipped Okawaru.
Okawaru was pleased with you.
You were not hungry.

You visited 2 branches of the dungeon, and saw 9 of its levels.

You collected 394 gold pieces.
You spent 121 gold pieces at shops.

Inventory:

Hand Weapons
 a - a +0 flail (weapon)
Armour
 h - a +2 shield (worn)
 r - a +0 pair of boots (worn)
 s - a +0 ring mail of fire resistance (worn)
 B - a +0 cloak
Jewellery
 d - a +2 ring of intelligence (left hand)
 e - an uncursed ring of flight
 u - an uncursed ring of fire {unknown}
Wands
 k - a wand of enslavement (16)
Scrolls
 i - 3 scrolls of enchant weapon {unknown}
 j - 5 scrolls of teleportation
 l - 3 scrolls of remove curse
 m - a scroll of fog {unknown}
 n - a scroll of noise {unknown}
 o - a scroll of blinking {unknown}
 t - a scroll of magic mapping
 w - a scroll of immolation {unknown}
 x - a scroll of fear {unknown}
 y - a scroll of brand weapon {unknown}
 z - a scroll of enchant armour {unknown}
Potions
 b - a potion of flight
 c - a potion of magic {unknown}
 g - a potion of lignification
 q - 2 potions of agility {unknown}
 v - a potion of brilliance {unknown}
 A - a potion of cancellation {unknown}
 C - a potion of resistance
 D - a potion of heal wounds {unknown}
Comestibles
 f - 19 rations


   Skills:
 + Level 8.8 Fighting
 * Level 11.3 Maces & Flails
 - Level 6.0 Armour
 + Level 8.8 Shields


You had 8 spell levels left.
You didn't know any spells.

Dungeon Overview and Level Annotations

Branches:
Dungeon (8/15)             Temple (1/1) D:6
   Lair: D:8-11

Altars:
Ashenzari
Cheibriados
Dithmenos
Fedhas
Gozag
Hepliaklqana
Kikubaaqudgha
Makhleb
Nemelex Xobeh
Okawaru
Qazlal
Ru
Sif Muna
Trog
Uskayaw
Vehumet
Wu Jian
Xom
Yredelemnul
Zin
The Shining One

Shops:
D:5 [(

Annotations:
D:5 1 runed door


Innate Abilities, Weirdness & Mutations

You reflexively headbutt those who attack you in melee.
You have a pair of horns on your head.


Message History

You hit Grum but do no damage.
Grum is heavily wounded.
Grum hits you but does no damage.
You closely miss Grum. Your headbutt misses Grum.
Grum is heavily wounded.
You completely miss Grum.
Grum is heavily wounded.
Grum barely misses you. You furiously retaliate!
You headbutt Grum! You closely miss Grum.
Grum is severely wounded.
You block Grum's attack.
You hit Grum.
Grum is almost dead.
Grum hits you with an enchanted spear.
* * * LOW HITPOINT WARNING * * *
You sock Grum!
You kill Grum!
Okawaru accepts your kill. The wolf bites you!
You die...

..#.....#
#.#.....#
#.#.....# #.#.....
#.#... #######.#.#
.......h).#
######h### #@# #.#
#.# #.# #.# #.#
#.# #.#
################.#


You could see 2 wolves.

Vanquished Creatures
  Grum (D:8)
  Menkaure (D:5)
  A water moccasin (D:6)
  An orc warrior (D:7)
  A sky beast (D:5)
  An ice beast (D:7)
  2 phantoms
  2 ogres
  2 wolves (D:8)
  3 centaurs
  A crocodile (D:7)
  3 bullfrogs
  A water moccasin skeleton (D:4)
  4 scorpions
  4 killer bees (D:7)
  2 wights (D:7)
  A howler monkey (D:4)
  4 crimson imps
  A bullfrog zombie (D:7)
  A centaur zombie (D:6)
  A hound (D:5)
  A gnoll shaman (D:6)
  An orc priest (D:8)
  A jelly (D:7)
  2 bullfrog skeletons
  Jessica (D:3)
  3 iguanas
  Natasha (thrice) (D:3)
  2 orc wizards
  Ijyb (D:4)
  13 worker ants
  A hound zombie (D:5)
  2 hound skeletons (D:4)
  8 gnolls
  8 adders
  A shadow imp (D:6)
  An ooze (D:5)
  2 worms
  3 leopard geckos
  19 orcs
  7 giant cockroaches
  6 hobgoblins
  4 quokkas
  A ball python (D:5)
  5 bats
  7 frilled lizards
  12 goblins
  A jackal skeleton (D:5)
  4 kobolds
  A quokka skeleton (D:4)
  12 rats
171 creatures vanquished.

Notes
Turn   | Place    | Note
-------+----------+-------------------------------------------
     0 | D:1      | RoseArtemis the Minotaur Fighter began the quest for the Orb.
     0 | D:1      | Reached XP level 1. HP: 19/19 MP: 0/0
   325 | D:1      | Reached XP level 2. HP: 27/27 MP: 1/1
   351 | D:1      | Reached skill level 3 in Maces & Flails
   844 | D:2      | Reached XP level 3. HP: 33/33 MP: 2/2
  1054 | D:2      | Reached XP level 4. HP: 40/40 MP: 3/3
  1108 | D:2      | Found an ornate altar of the Wu Jian Council.
  1141 | D:2      | Reached skill level 4 in Maces & Flails
  1923 | D:3      | Found an opulent altar of Gozag.
  2033 | D:3      | Noticed Natasha
  2038 | D:3      | Killed Natasha
  2047 | D:3      | Reached XP level 5. HP: 47/47 MP: 4/4
  2152 | D:3      | Noticed Natasha
  2157 | D:3      | Killed Natasha
  2186 | D:3      | Noticed Jessica
  2196 | D:3      | Killed Jessica
  2265 | D:3      | Noticed Natasha
  2277 | D:3      | Killed Natasha
  2277 | D:3      | Reached skill level 5 in Maces & Flails
  2519 | D:4      | Reached XP level 6. HP: 51/55 MP: 5/5
  2755 | D:4      | Reached skill level 5 in Fighting
  2755 | D:4      | Reached skill level 5 in Shields
  2763 | D:4      | Reached skill level 5 in Armour
  3034 | D:4      | Found a shimmering altar of Xom.
  3034 | D:4      | Found a snail-covered altar of Cheibriados.
  3113 | D:4      | Noticed Ijyb
  3115 | D:4      | Killed Ijyb
  3123 | D:4      | Reached skill level 6 in Maces & Flails
  3305 | D:4      | Reached XP level 7. HP: 54/61 MP: 6/6
  3857 | D:5      | Entered Level 5 of the Dungeon
  3952 | D:5      | Found Bout's Armour Shop.
  3961 | D:5      | Bought a +0 ring mail of fire resistance for 121 gold pieces
  4021 | D:5      | Reached skill level 7 in Maces & Flails
  4234 | D:5      | Found Ydadghaon's Weapon Boutique.
  4273 | D:5      | Noticed Menkaure
  4282 | D:5      | Killed Menkaure
  4282 | D:5      | Reached XP level 8. HP: 17/70 MP: 7/7
  4561 | D:5      | Found a runed door.
  4572 | D:5      | Found a runed door.
  4948 | D:5      | Reached skill level 8 in Maces & Flails
  5129 | D:6      | Found a staircase to the Ecumenical Temple.
  5168 | Temple   | Entered the Ecumenical Temple
  5323 | Temple   | Became a worshipper of Warmaster Okawaru
  5659 | D:6      | Reached skill level 9 in Maces & Flails
  6229 | D:7      | Reached * piety under Okawaru
  6229 | D:7      | Reached XP level 9. HP: 39/79 MP: 8/8
  6529 | D:7      | Reached skill level 10 in Maces & Flails
  6836 | D:7      | HP: 4/81 [poisoned by a killer bee]
  6843 | D:7      | HP: 4/81 [poisoned by a killer bee]
  6851 | D:7      | HP: 4/81 [poisoned by a killer bee]
  7386 | D:7      | Reached ** piety under Okawaru
  7464 | D:7      | Reached skill level 11 in Maces & Flails
  7601 | D:8      | Noticed Grum
  7651 | D:8      | Killed Grum
  7652 | D:8      | Slain by a wolf

Vault maps used:
D:1:      shiori_shiawase
D:2:      marbit_many_paths
D:3:      nicolae_gozag_cash_rules_everything_around_me, uniq_natasha,
          uniq_jessica
D:4:      gammafunk_temple_overflow_pools, uniq_ijyb
D:5:      lemuel_insect_pit, serial_shops, kennysheep_mini_moat, shop,
          first_ration, minmay_ogre_servants, uniq_menkaure
D:6:      minmay_temple_entry_mist, hangedman_decor_diamond_cutter
D:7:      grunt_ogre_cave, kennysheep_big_empty_room, minmay_lizard_king
D:8:      uniq_grum, uniq_prince_ribbit1
Temple:   regret_index_temple_mists

Skill      XL: |  1  2  3  4  5  6  7  8  9 |
---------------+----------------------------+-----
Maces & Flails | 3 4 5 6 7 9 11 | 11.3
Fighting       | 4 5 6 7 8 |  8.8
Armour         | 4 5 6 |  6.0
Shields        | 4 5 6 7 8 |  8.8

Action                   |  1- 3 |  4- 6 |  7- 9 || total
-------------------------+-------+-------+-------++-------
Melee: Flail             |    67 |   144 |   386 ||   597
       Headbutt          |    13 |    26 |    66 ||   105
Invok: Heroism           |       |       |     1 ||     1
  Use: Scroll            |       |     7 |     6 ||    13
       Potion            |       |     1 |     5 ||     6
  Eat: Chunk             |       |     8 |    11 ||    19
       Ration            |       |       |     1 ||     1
Armor: Scale mail        |    16 |    38 |    11 ||    65
       Ring mail         |       |       |    83 ||    83
Dodge: Dodged            |    18 |    38 |   101 ||   157
Block: Shield            |    38 |    56 |   235 ||   329

Table legend:
 A = Spawn XP
 B = Non-spawn XP
 C = Spawn XP percentage of total XP
 D = Spawn monster count
 E = Non-spawn monster count
 F = Spawn count percentage of total count
 G = Total turns spent on level
                    A         B        C        D         E        F      G
               +---------+---------+-------+---------+---------+-------+---------
         Total |       0 |    4829 |   0.0 |       0 |     171 |   0.0 |  7652
               +---------+---------+-------+---------+---------+-------+---------
           D:1 |       0 |      33 |   0.0 |       0 |      21 |   0.0 |   842
           D:2 |       0 |     104 |   0.0 |       0 |      19 |   0.0 |   983
           D:3 |       0 |     191 |   0.0 |       0 |      15 |   0.0 |   667
           D:4 |       0 |     601 |   0.0 |       0 |      25 |   0.0 |  1365
           D:5 |       0 |    1001 |   0.0 |       0 |      31 |   0.0 |  1230
           D:6 |       0 |     638 |   0.0 |       0 |      20 |   0.0 |   934
           D:7 |       0 |    1807 |   0.0 |       0 |      33 |   0.0 |  1366
           D:8 |       0 |     454 |   0.0 |       0 |       7 |   0.0 |    93
               +---------+---------+-------+---------+---------+-------+---------
